 Dungeon Crawl Stone Soup version 0.20.1-1-g8b1a95d (webtiles) character file.

9774 Gremour the Carver (level 11, -8/82 HPs)
             Began as a Hill Orc Fighter on Nov 15, 2017.
             Was a Priest of Qazlal.
             Shot with an arrow by a centaur (16 damage)
             ... on level 11 of the Dungeon.
             The game lasted 00:54:50 (11579 turns).

Gremour the Carver (Hill Orc Fighter)              Turns: 11579, Time: 00:54:50

Health: -8/82      AC:  0    Str: 20    XL:     11   Next: 51%
Magic:  13/13      EV: 13    Int:  8    God:    Qazlal [***...]
Gold:   426        SH:  4    Dex: 13    Spells: 10/10 levels left

rFire    . . .     SeeInvis .   (weapon currently unavailable)
rCold    . . .     Gourm    .   (shield currently unavailable)
rNeg     . . .     Faith    .   (armour currently unavailable)
rPois    .         Spirit   .   (helmet currently unavailable)
rElec    .         Reflect  .   (cloak currently unavailable)
rCorr    .         Harm     .   (gloves currently unavailable)
MR       .....     Rnd*Rage +   (boots currently unavailable)
Stlth    +.........             (no amulet)
Regen    0.3/turn               (ring currently unavailable)
MPRegen  0.2/turn               (ring currently unavailable)

@: lethally poisoned (-8 -> -15), pig-form (expiring), very quick
A: berserk 1
a: Upheaval, Elemental Force, Renounce Religion


You were on level 11 of the Dungeon.
You worshipped Qazlal.
Qazlal was most pleased with you.
You were not hungry.
You were a filthy swine.
You visited 3 branches of the dungeon, and saw 13 of its levels.

You collected 426 gold pieces.

Inventory:

Hand Weapons
 a - a +0 scimitar (melded)
 z - a +5 trident of flaming
Armour
 c - a +0 shield (melded)
 r - a +0 pair of gloves of strength (melded)
 s - the +2 ring mail "Rureepp" (melded) {Slay+3}
   (You found it on level 6 of the Dungeon)

   It affects your accuracy and damage with ranged weapons and melee attacks
   (+3).
 u - a +2 leather armour of fire resistance
 A - a +0 helmet (melded)
Jewellery
 D - a +3 ring of evasion (melded)
Wands
 q - a wand of flame (48/48)
Scrolls
 e - 4 scrolls of magic mapping
 g - 5 scrolls of remove curse
 i - 10 scrolls of identify
 j - a scroll of recharging
 p - 2 scrolls of blinking
 v - 6 scrolls of teleportation
 B - a scroll of silence
Potions
 d - a potion of might
 n - a potion of flight
 o - a potion of curing
Books
 f - a book of Cantrips

   Spells                             Type                      Level
   a - Confusing Touch                Hexes                        1
   b - Animate Skeleton               Necromancy                   1
   c - Summon Small Mammal            Summoning                    1
   d - Apportation                    Translocation                1
Comestibles
 b - 4 royal jellies
 h - 4 chunks of flesh
 l - 3 bread rations
 x - 7 meat rations


   Skills:
 - Level 3.6 Fighting
 + Level 14.5 Long Blades
 * Level 7.9 Armour
 - Level 2.1 Stealth
 * Level 9.7 Shields
 * Level 2.6 Invocations


You had 10 spell levels left.
You didn't know any spells.

Dungeon Overview and Level Annotations

Branches:
Dungeon (11/15)            Temple (1/1) D:4            Lair (1/6) D:8
    Orc (0/2) D:9

Altars:
Ashenzari
Cheibriados
Dithmenos
Elyvilon
Fedhas
Gozag
Hepliaklqana
Kikubaaqudgha
Makhleb
Nemelex Xobeh
Okawaru
Qazlal
Ru
Sif Muna
Trog
Uskayaw
Vehumet
Xom
Yredelemnul
Zin
The Shining One
Lugonu

Shops:
D:5 %   D:7 (

Annotations:
D:10 Maurice
D:11 Darkyelf's ghost, journeyman CeAK


Innate Abilities, Weirdness & Mutations

((You are partially covered in slimy green scales. (AC +2)))
You tend to lose your temper in combat.
((Armour fits poorly on your strangely shaped body.))


Message History

The centaur shoots an arrow.
You block the arrow.
The centaur wields a shortbow.
The centaur shoots an arrow.
The arrow hits you!
You see here 2 arrows.
The centaur shoots an arrow.
The arrow hits you!
* * * LOW HITPOINT WARNING * * *
Found a stone staircase leading down.
You see here an arrow.
The centaur shoots an arrow.
The arrow closely misses you. The water moccasin bites you.
* * * LOW HITPOINT WARNING * * *
You are poisoned.
The water moccasin poisons you!
Darkyelf's ghost (journeyman Centaur Abyssal Knight) comes into view.
It is wielding a weapon of electrocution.
You feel sick.
The centaur shoots an arrow.
You block the arrow.
The centaur shoots an arrow.
The arrow closely misses you.
You see here an arrow.
You feel sick.
The centaur shoots an arrow.
The arrow hits you!
* * * LOW HITPOINT WARNING * * *
The centaur shoots an arrow.
The arrow hits you!
You die...

##.....c.##.........
.##.......c.c.<.......
..........(..(........
.........cc...........
.......§YY............
.............W........
......(...............
......(S..............
.......h.....c........
.....................
.................
........>.......
...............
##.....####....
....... .... .....##
...


You could see 2 yaks, a water moccasin, 5 centaurs and Darkyelf's ghost.

Vanquished Creatures
  4 two-headed ogres (D:9)
  The ghost of bmj180 the Magician, a novice DEIE of Vehumet (D:5)
  A troll (D:9)
  A hornet (D:9)
  The ghost of Thjof the Charmwright, an amateur BaSk of Qazlal (D:4)
  2 wyverns
  7 yaks
  A hungry ghost (D:9)
  An ice beast (D:8)
  5 orc warriors
  A swamp drake (D:9)
  3 black bears
  A sky beast (D:6)
  2 phantoms
  8 ogres
  A crocodile (D:8)
  4 centaurs
  A big kobold (D:9)
  3 bullfrogs
  2 scorpions (D:8)
  12 killer bees
  7 howler monkeys
  6 crimson imps
  A bullfrog zombie (D:9)
  2 quasits
  3 jellies
  A bullfrog skeleton (D:3)
  7 orc priests
  A centaur skeleton (D:7)
  2 hounds (D:7)
  Terence (D:2)
  An iguana (D:8)
  8 orc wizards
  6 worker ants
  2 hound zombies
  2 worker ant zombies
  Robin (D:3)
  7 gnolls
  11 adders
  2 howler monkey skeletons
  A shadow imp (D:6)
  2 adder skeletons
  A dart slug (D:2)
  4 leopard geckos
  30 orcs
  4 giant cockroaches
  16 goblins
  12 hobgoblins
  11 jackals
  13 kobolds
  4 quokkas
  3 ball pythons
  7 bats
  2 jackal skeletons
  A jackal zombie (D:5)
  A leopard gecko skeleton (D:6)
  6 rats
251 creatures vanquished.

Vanquished Creatures (others)
  An orc wizard (D:8)
  3 fungi (D:8)
4 creatures vanquished.

Grand Total: 255 creatures vanquished

Notes
Turn   | Place    | Note
-------+----------+-------------------------------------------
     0 | D:1      | Gremour the Hill Orc Fighter began the quest for the Orb.
     0 | D:1      | Reached XP level 1. HP: 19/19 MP: 1/1
   307 | D:1      | Reached XP level 2. HP: 26/26 MP: 2/2
   349 | D:1      | Reached skill level 3 in Long Blades
   844 | D:2      | Reached XP level 3. HP: 29/31 MP: 3/3
   911 | D:2      | Found a blossoming altar of Fedhas.
   982 | D:2      | Reached skill level 4 in Long Blades
  1156 | D:2      | Noticed Terence
  1193 | D:2      | Killed Terence
  1193 | D:2      | Reached XP level 4. HP: 16/39 MP: 4/4
  1613 | D:3      | Found an opulent altar of Gozag.
  1620 | D:3      | Reached skill level 5 in Long Blades
  1935 | D:3      | Reached XP level 5. HP: 43/45 MP: 5/5
  2189 | D:3      | Found an iron altar of Okawaru.
  2230 | D:3      | Reached skill level 6 in Long Blades
  2422 | D:3      | Found an ancient bone altar of Kikubaaqudgha.
  2646 | D:3      | Noticed Robin
  2676 | D:3      | Killed Robin
  2934 | D:3      | Found a shadowy altar of Dithmenos.
  2989 | D:4      | Noticed Thjof's ghost (amateur BaSk)
  3003 | D:4      | Reached XP level 6. HP: 51/51 MP: 6/6
  3025 | D:4      | Killed Thjof's ghost
  3025 | D:4      | Reached skill level 7 in Long Blades
  3093 | D:4      | Reached skill level 8 in Long Blades
  3093 | D:4      | Reached XP level 7. HP: 39/57 MP: 7/7
  3326 | D:4      | Found a staircase to the Ecumenical Temple.
  3378 | Temple   | Entered the Ecumenical Temple
  3463 | D:4      | Found a deep blue altar of Sif Muna.
  3546 | D:5      | Entered Level 5 of the Dungeon
  3549 | D:5      | Found Puriuwi's Food Boutique.
  3581 | D:5      | Noticed bmj180's ghost (novice DEIE)
  3597 | D:5      | Killed bmj180's ghost
  3597 | D:5      | Reached skill level 10 in Long Blades
  3597 | D:5      | Reached XP level 8. HP: 31/64 MP: 8/8
  3678 | D:5      | Found a shimmering altar of Xom.
  3685 | D:5      | Found a shattered altar of Ashenzari.
  4021 | D:5      | Found a glowing golden altar of the Shining One.
  4758 | D:6      | Got a smelly ring mail
  4776 | D:6      | Identified the +2 ring mail "Rureepp" {Slay+3} (You found it on level 6 of the Dungeon)
  4845 | D:6      | Reached skill level 11 in Long Blades
  5064 | D:6      | Found a burning altar of Makhleb.
  5065 | D:6      | Found an iron altar of Okawaru.
  5131 | D:6      | Found a bloodstained altar of Trog.
  5451 | D:6      | Reached skill level 12 in Long Blades
  5451 | D:6      | Reached XP level 9. HP: 60/70 MP: 9/9
  5458 | D:7      | Found a stormy altar of Qazlal.
  5628 | D:7      | Became a worshipper of Qazlal Stormbringer
  5717 | D:7      | Reached skill level 1 in Stealth
  5978 | D:7      | Found Ryrex's Weapon Shop.
  6031 | D:7      | Reached skill level 13 in Long Blades
  6035 | D:7      | Reached * piety under Qazlal
  6453 | D:7      | Got a smoking robe
  6467 | D:7      | Identified the cursed +0 robe "Roar" {Stlth+} (You took it off a gnoll on level 7 of the Dungeon)
  6730 | D:8      | Reached XP level 10. HP: 76/77 MP: 10/10
  7100 | D:8      | Reached skill level 5 in Armour
  7175 | D:8      | Reached skill level 14 in Long Blades
  7271 | D:8      | Reached skill level 5 in Shields
  7666 | D:8      | Reached ** piety under Qazlal
  7899 | D:8      | Found a hide-covered altar of Uskayaw.
  7901 | D:8      | Noticed a hand axe
  7901 | D:8      | Noticed a hand axe
  7972 | D:8      | Found a staircase to the Lair.
  7990 | Lair:1   | Entered Level 1 of the Lair of Beasts
  8187 | D:9      | Found a snail-covered altar of Cheibriados.
  8232 | D:9      | Noticed a two-headed ogre
  8243 | D:9      | Killed a two-headed ogre
  8713 | D:9      | Found a staircase to the Orcish Mines.
  9054 | D:9      | Gained mutation: Armour fits poorly on your strangely shaped body. [potion of mutation]
  9054 | D:9      | Gained mutation: You tend to lose your temper in combat. [potion of mutation]
  9054 | D:9      | Gained mutation: You are partially covered in slimy green scales. (AC +2) [potion of mutation]
  9498 | D:9      | Reached *** piety under Qazlal
  9531 | D:9      | Reached XP level 11. HP: 38/82 MP: 11/11
  9765 | D:9      | Reached skill level 1 in Invocations
 10192 | D:9      | Noticed a two-headed ogre
 10245 | D:9      | Killed a two-headed ogre
 10550 | D:9      | Noticed a two-headed ogre
 10565 | D:9      | Killed a two-headed ogre
 10686 | D:9      | Noticed a two-headed ogre
 10695 | D:9      | Killed a two-headed ogre
 11052 | D:9      | Paralysed by a hornet for 1 turns
 11056 | D:9      | Paralysed by a hornet for 3 turns
 11328 | D:9      | Found a hazy altar of Hepliaklqana.
 11536 | D:10     | Entered Level 10 of the Dungeon
 11542 | D:10     | Noticed Maurice
 11578 | D:11     | Noticed Darkyelf's ghost (journeyman CeAK)
 11579 | D:11     | Shot with an arrow by a centaur

Skill      XL: |  1  2  3  4  5  6  7  8  9 10 11 |
---------------+----------------------------------+-----
Long Blades    | 3 4 5 6 8 10 12 13 14 | 14.5
Stealth        | 1 2 |  2.1
Armour         | 4 6 7 |  7.9
Shields        | 4 8 9 |  9.7
Invocations    | 2 |  2.6
Fighting       | |  3.6

Action                   |  1- 3 |  4- 6 |  7- 9 | 10-12 || total
-------------------------+-------+-------+-------+-------++-------
Melee: Long sword        |   124 |   196 |   381 |   204 ||   905
       Scimitar          |       |       |       |   200 ||   200
  Use: Potion            |       |     2 |     2 |    10 ||    14
       Scroll            |       |       |    14 |     2 ||    16
 Stab: Sleeping          |       |       |     1 |       ||     1
       Confused          |       |       |       |     1 ||     1
  Eat: Chunk             |     1 |     6 |    13 |     6 ||    26
       Meat ration       |       |       |       |     2 ||     2
Armor: Scale mail        |    40 |       |       |       ||    40
       Ring mail         |       |    77 |   113 |    50 ||   240
Dodge: Dodged            |    31 |    61 |   141 |    87 ||   320
Block: Shield            |    56 |    94 |   146 |   185 ||   481
       Other             |       |       |       |     3 ||     3
       Rpst.: Long sword |    12 |    19 |    42 |     9 ||    82
       Scimitar          |       |       |       |    15 ||    15
